 Dungeon Crawl Stone Soup version 0.31-a0-187-gba352fbbf7 (webtiles) character file.

Game seed: 2525735356384354003

394 qw the Skirmisher (level 6, -1/35 HPs)
             Began as a Deep Elf Hunter on June 22, 2023.
             Shot with an arrow by a centaur (4 damage)
             ... on level 5 of the Dungeon.
             The game lasted 00:01:07 (2877 turns).

qw the Skirmisher (Deep Elf Hunter)                 Turns: 2877, Time: 00:01:07

Health: -1/35      AC:  7    Str: 10    XL:     6   Next: 52%
Magic:  8/8        EV: 11    Int: 14    God:
Gold:   135        SH:  0    Dex: 18    Spells: 5/5 levels left

rFire   . . .        Y - +1 shortbow
rCold   . . .        (shield currently unavailable)
rNeg    . . .        f - +0 ring mail
rPois   .            h - +0 helmet
rElec   .            (no cloak)
rCorr   .            i - +0 pair of gloves
SInv    .            (no boots)
Will    .....        d - amulet of Past Mistakes {Acrobat Regen+ Slay+3}
Stlth   +            (no ring)
HPRegen 1.05/turn    (no ring)
MPRegen 0.11/turn

%: acrobat
@: no status effects
A: no striking features
a: no special abilities


You were on level 5 of the Dungeon.
You visited 1 branch of the dungeon, and saw 5 of its levels.

You collected 135 gold pieces.


   Skills:
 - Level 2.2 Fighting
 - Level 9.6 Ranged Weapons
 + Level 0.5 Armour
 - Level 3.3 Dodging
 - Level 1.2 Stealth


You had 5 spell levels left.
You didn't know any spells.
Your spell library was empty.

Inventory:

Hand Weapons
 Y - a +1 shortbow (weapon)
Armour
 f - a +0 ring mail (worn)
 h - a +0 helmet (worn)
 i - a +0 pair of gloves (worn)
Jewellery
 d - the amulet of Past Mistakes (around neck) {Acrobat Regen+ Slay+3}
   (You found it on level 2 of the Dungeon)

   [amulet of the acrobat]

   It increases your evasion while moving and waiting.
   Slay:      It affects your accuracy & damage with ranged weapons and melee
   (+3).
   Regen:     It increases your rate of health regeneration.
Scrolls
 a - a scroll of identify
 c - a scroll of poison {unknown}
Potions
 b - a potion of haste {unknown}
 e - a potion of lignification {unknown}
 g - a potion of degeneration {unknown}
 j - a potion of invisibility {unknown}
 k - a potion of enlightenment {unknown}
 m - a potion of attraction {unknown}

Dungeon Overview and Level Annotations

Branches:
Dungeon (5/15)
 Temple: D:4-7

Altars:
Uskayaw


Message History

The adder bites you.
You shoot an arrow. The arrow hits the adder.
The adder is moderately wounded.
The adder bites you. The adder bites you but does no damage.
You shoot an arrow. The arrow closely misses the adder.
The adder bites you.
You shoot an arrow. The arrow barely misses the adder.
The adder bites you but does no damage. The adder bites you.
You shoot an arrow. The arrow hits the adder!
You kill the adder!
You start resting.
HP restored.
k - a yellow potion You now have 135 gold pieces (gained 16).
A centaur comes into view.
You shoot an arrow. The arrow hits the centaur.
The centaur shouts!
The centaur is lightly wounded.
The centaur wields a +0 shortbow.
The centaur shoots an arrow.
The arrow hits you.
The centaur shoots an arrow.
The arrow closely misses you.
You shoot an arrow. The arrow hits the centaur!
The centaur is heavily wounded.
The centaur shoots an arrow.
The arrow closely misses you.
You shoot an arrow.
The arrow completely misses the centaur.
The centaur shoots an arrow.
The arrow closely misses you.
You shoot an arrow. The arrow barely misses the centaur.
The centaur shoots an arrow.
The arrow hits you!
The centaur shoots an arrow.
The arrow hits you!
You shoot an arrow. The arrow barely misses the centaur.
The centaur shoots an arrow.
The arrow hits you!
You shoot an arrow. The arrow hits the centaur!
The centaur is almost dead.
The centaur shoots an arrow.
The arrow barely misses you.
The centaur shoots an arrow.
The arrow hits you!
You shoot an arrow. The arrow barely misses the centaur.
The centaur shoots an arrow.
The arrow closely misses you.
You shoot an arrow. The arrow closely misses the centaur.
The centaur shoots an arrow.
The arrow hits you.
You die...

#.. #..## #....
#...############.###
#...#..#....@....c..
#...#..#.#######.###
#...#..#.#
#......#.# #
#.#.#.##.## ###
#.#.#.....# #..
#.#.#######
#.###.#.# #.#.....#


You could see a centaur.

Vanquished Creatures
  2 hounds (D:4)
  Jessica (D:3)
  3 iguanas
  2 orc wizards (D:4)
  8 adders
  A white imp (D:3)
  4 worms
  6 dart slugs
  5 orcs
  7 endoplasms
  A giant cockroach (D:4)
  5 goblins
  6 hobgoblins
  7 jackals
  2 quokkas
  6 ball pythons
  4 bats
  4 frilled lizards
  9 kobolds
  2 rats
85 creatures vanquished.

Notes
Turn   | Place    | Note
-------+----------+-------------------------------------------
     0 | D:1      | qw the Deep Elf Hunter began the quest for the Orb.
     0 | D:1      | Reached XP level 1. HP: 12/12 MP: 3/3
     0 | D:1      | 0 ||| qw: Version: 0.3-a-9-g12657ce
     0 | D:1      | 0 ||| qw: Game counter: 2703
     0 | D:1      | 0 ||| qw: Always use a shield: true
     0 | D:1      | 0 ||| qw: God list: Okawaru
     0 | D:1      | 0 ||| qw: Allow faded altars: false
     0 | D:1      | 0 ||| qw: Do Orc after D:15 true
     0 | D:1      | 0 ||| qw: Do second Lair branch before Depths: true
     0 | D:1      | 0 ||| qw: Lair rune preference: random
     0 | D:1      | 0 ||| qw: Plans: Normal
     0 | D:1      | 0 ||| PLANNING D:1-11
   108 | D:1      | Reached XP level 2. HP: 16/16 MP: 4/4
   143 | D:1      | Reached skill level 6 in Ranged Weapons
   292 | D:1      | Reached XP level 3. HP: 20/20 MP: 5/5
   474 | D:1      | 474 ||| UPGRADING to +0 helmet.
   479 | D:1      | 479 ||| READING scroll labelled REMAPRAOL.
   480 | D:1      | 480 ||| DRINKING 2 white potions.
   481 | D:1      | 481 ||| DROPPING scroll of butterflies.
   482 | D:1      | 482 ||| DROPPING potion of magic.
   666 | D:2      | Reached skill level 7 in Ranged Weapons
   736 | D:2      | Identified the amulet of Past Mistakes {Acrobat Regen+
                  | Slay+3}
   825 | D:2      | Found a hide-covered altar of Uskayaw.
   993 | D:2      | Reached XP level 4. HP: 9/25 MP: 6/6
   994 | D:2      | HP: 6/25 [poisoned by an adder]
  1094 | D:2      | 1094 ||| UPGRADING to +0 pair of gloves.
  1099 | D:2      | 1099 ||| UPGRADING to amulet of the acrobat.
  1104 | D:2      | 1104 ||| UPGRADING to amulet of Past Mistakes {Acrobat
                  | Regen+ Slay+3}.
  1114 | D:2      | 1114 ||| DROPPING amulet of the acrobat.
  1115 | D:2      | 1115 ||| READING scroll labelled ATU PUAZUNTO.
  1119 | D:2      | 1119 ||| READING 2 scrolls labelled WOZOMO EGUTSEA.
  1120 | D:2      | 1120 ||| DROPPING scroll of fear.
  1252 | D:3      | Noticed Jessica
  1258 | D:3      | Killed Jessica
  1259 | D:3      | Reached skill level 8 in Ranged Weapons
  1586 | D:3      | Identified the +1 mace of the Elven Halls {heavy, Dex+3
                  | Stlth+}
  1696 | D:3      | Reached XP level 5. HP: 29/29 MP: 7/7
  1888 | D:3      | 1888 ||| DROPPING amulet of regeneration.
  1889 | D:3      | 1889 ||| READING 2 scrolls labelled BONUH MYZIPPAE.
  1890 | D:3      | 1890 ||| READING scroll labelled ZOSAUDI YDEM.
  1891 | D:3      | 1891 ||| DRINKING 2 glowing emerald potions.
  1999 | D:4      | 1999 ||| Stepping ~*~*~tactically~*~*~ (outnumbered).
  2001 | D:4      | 2001 ||| Stepping ~*~*~tactically~*~*~ (outnumbered).
  2003 | D:4      | 2003 ||| Stepping ~*~*~tactically~*~*~ (outnumbered).
  2009 | D:4      | Reached skill level 9 in Ranged Weapons
  2057 | D:4      | Reached skill level 3 in Dodging
  2372 | D:4      | Reached XP level 6. HP: 35/35 MP: 8/8
  2477 | D:4      | 2477 ||| DRINKING potion of curing.
  2477 | D:4      | 2477 ||| (to cure confusion)
  2630 | D:4      | 2630 ||| UPGRADING to +0 ring mail.
  2640 | D:4      | 2640 ||| DROPPING +0 leather armour.
  2641 | D:4      | 2641 ||| DROPPING ring of flight.
  2642 | D:4      | 2642 ||| READING scroll labelled IRIULA NAXT.
  2766 | D:5      | Entered Level 5 of the Dungeon
  2875 | D:5      | HP: 1/35 [centaur/arrow (11)]
  2877 | D:5      | Shot with an arrow by a centaur

Levels and vault maps discovered:
D:1:      eino_arrival_tree_alley, layout_basic
D:2:      layout_basic, basic_altar
D:3:      layout_loops_corners, moated_statue, uniq_jessica
D:4:      layout_basic, serial_bayou_ford_a, nicolae_figureground_sparkle
D:5:      layout_basic, serial_shops, shop, roderic_serpentine_path, uniq_edmund

Skill      XL: |  1  2  3  4  5 |
---------------+----------------+-----
Ranged Weapons | 6 7 8 9 |  9.6
Dodging        | 3 |  3.3
Fighting       | 2 |  2.2
Armour         | |  0.5
Stealth        | |  1.2

Action                     |  1- 3 |  4- 6 || total
---------------------------+-------+-------++-------
   Fire: Shortbow          |    97 |   145 ||   242
    Use: Scroll            |     1 |     5 ||     6
         Potion            |     1 |     2 ||     3
 Armour: Leather armour    |     2 |     8 ||    10
         Ring mail         |       |     2 ||     2
  Dodge: Dodged            |    13 |    26 ||    39

Table legend:
 A = Non-vault XP
 B = Vault XP
 C = Vault XP percentage of total XP
 D = Non-vault monster count
 E = Vault monster count
 F = Vault count percentage of total count
                 A         B        C        D         E       F
            +---------+---------+-------+---------+---------+-------
      Total |     527 |      37 |   6.6 |      84 |       1 |   1.2
            +---------+---------+-------+---------+---------+-------
        D:1 |      43 |       0 |   0.0 |      23 |       0 |   0.0
        D:2 |      61 |       0 |   0.0 |      19 |       0 |   0.0
        D:3 |      91 |      37 |  28.9 |      17 |       1 |   5.6
        D:4 |     305 |       0 |   0.0 |      23 |       0 |   0.0
        D:5 |      27 |       0 |   0.0 |       2 |       0 |   0.0
            +---------+---------+-------+---------+---------+-------
